Ice Caps vs Bruins

Created - Thursday, October 22, 2015 at 03:25

Goals
1 2 3 T
Ice Caps 0 0 0 0
Bruins 0 1 0 1
Shots
1 2 3 T
Ice Caps 4 10 9 23
Bruins 2 16 12 30

1st period

No Goal

Penalties :
Jordan Oesterle (Pro) for Hooking (Minor) at 12:08, Buddy Robinson (Pro) for Tripping (Minor) at 16:53, Magnus Nygren (Pro) for Fighting (Major) at 19:28, Derek Grant (STJ) for Fighting (Major) at 19:28

2nd period

1. Bruins , Borna Rendulic 3 (Kael Mouillierat) at 5:20 (PP)

Penalties :
Nathan Oystrick (STJ) for High sticking (Minor) at 4:41, Raman Hrabarenka (Pro) for Fighting (Major) at 9:49, B.J. Crombeen (STJ) for Fighting (Major) at 9:49, Kael Mouillierat (Pro) for Interference (Minor) at 12:56, Ryan Carter (STJ) for Abuse of Officials (Major / Game Misconduct) at 17:09

3rd period

No Goal

Penalties :
Andrew Bodnarchuk (STJ) for Elbowing (Minor) at 12:42

Goalie Stats

Jeff Zatkoff (STJ), 29 saves from 30 shots - (0.967), L, 1-1-0, 59:22 minutes
Philipp Grubauer (Pro), 23 saves from 23 shots - (1.000), W, 4-1-3, 60:00 minutes

Players Stats for Ice Caps

Player Name              G  A  P  +/- PIM S  H  SB GA TA FO     MP     PP MP  PK MP  
------------------------------------------------------------------------------------
Alex Biega               0  0  0   0  0   0  2  1  0  0  0/0    24:27   3:34   6:19 
Andrew Bodnarchuk        0  0  0   0  2   0  1  1  1  1  0/0    20:13   2:23   1:18 
B.J. Crombeen            0  0  0   0  5   2  3  0  4  1  0/1    16:26   1:54   3:17 
Barry Goers              0  0  0   0  0   0  0  0  0  1  0/0    14:34   0:00   0:00 
Bobby Sanguinetti        0  0  0   0  0   0  5  2  0  1  0/0    24:37   3:34   5:44 
Brandon Yip              0  0  0   0  0   0  1  0  0  0  0/0    11:03   0:00   0:00 
Chris Conner             0  0  0   0  0   1  0  1  1  0  0/0    13:21   0:00   0:00 
Derek Grant              0  0  0   0  5   3  0  0  2  0  1/3    15:28   0:00   3:19 
Drew LeBlanc             0  0  0   0  0   0  3  0  0  1  0/2     9:32   0:00   0:31 
Kyle MacKinnon           0  0  0   0  0   1  2  0  1  0  2/6    15:50   0:53   3:08 
Nathan Oystrick          0  0  0   0  2   0  0  0  0  0  0/0    15:25   0:00   0:00 
Nick D'Agostino          0  0  0   0  0   0  2  1  0  1  0/0    20:49   2:23   1:53 
Patrick Dwyer            0  0  0   0  0   2  0  0  1  0  0/0    21:21   3:10   4:20 
Paul Carey               0  0  0   0  0   7  0  0  2  1  1/1    15:18   2:47   0:00 
Ryan Carter              0  0  0   0  15  0  1  0  4  0  6/17   13:06   3:10   0:39 
Shawn Thornton           0  0  0   0  0   3  0  0  2  0  0/0    17:12   3:10   0:00 
Tim Kennedy              0  0  0   0  0   2  0  0  4  0  0/0     8:54   0:00   0:00 
Trevor Smith             0  0  0   0  0   2  0  0  3  0  11/14  14:42   2:47   0:00 

Players Stats for Bruins

Player Name              G  A  P  +/- PIM S  H  SB GA TA FO     MP     PP MP  PK MP  
------------------------------------------------------------------------------------
Andrew Agozzino          0  0  0   0  0   6  1  0  0  0  6/11   15:05   0:47   0:00 
Andrew Cherniwchan       0  0  0   0  0   0  0  0  0  0  0/0     2:59   0:37   0:12 
Beau Schmitz             0  0  0   0  0   0  3  0  0  2  0/0    15:52   0:00   2:30 
Borna Rendulic           1  0  1   0  0   2  5  0  2  2  1/1    18:40   3:41   0:00 
Buddy Robinson           0  0  0   0  2   3  3  0  2  1  1/3    18:47   3:19   0:00 
Cole Schneider           0  0  0   0  0   1  0  0  0  1  0/0    20:59   3:41   1:08 
Conor Allen              0  0  0   0  0   0  2  1  0  0  0/0    26:01   4:33   3:56 
Dennis Everberg          0  0  0   0  0   7  1  1  1  1  0/0    21:14   3:09   3:50 
Dennis Rasmussen         0  0  0   0  0   0  0  0  0  0  1/2     3:59   0:00   0:00 
Johan Alm                0  0  0   0  0   2  2  1  0  2  0/0    16:56   0:00   0:00 
Jordan Oesterle          0  0  0   0  2   0  0  0  0  0  0/0    20:37   3:04   1:02 
Kael Mouillierat         0  1  1   0  2   2  1  0  4  1  6/9    18:03   3:41   0:00 
Kevin Czuczman           0  0  0   0  0   0  0  0  0  0  0/0     0:00   0:00   0:00 
Kevin Porter             0  0  0   0  0   2  2  0  0  1  2/4    19:18   3:19   1:47 
Magnus Nygren            0  0  0   0  5   2  1  0  3  2  0/0    18:35   3:04   2:01 
Marc Hagel               0  0  0   0  0   1  1  0  0  0  1/1    15:15   0:00   0:47 
Marko Dano               0  0  0   0  0   1  0  1  2  0  5/13   18:42   0:37   4:10 
Raman Hrabarenka         0  0  0   0  5   1  1  2  0  2  0/0    23:03   4:33   2:32 

3 Stars

1 - Philipp Grubauer (Pro)
2 - Jeff Zatkoff (STJ)
3 - Borna Rendulic (Pro)

Power Play

Ice Caps - 0 on 3 Attempt(s) - 0.00%
Bruins - 1 on 3 Attempt(s) - 33.33%

Penalty Kill

Ice Caps - 2 on 3 Attempt(s) - 66.67% - Score 0 goal in Penalty Kill
Bruins - 3 on 3 Attempt(s) - 100.00% - Score 0 goal in Penalty Kill

Team Stat

Ice Caps - Hits : 20 - Faceoff Wins : 21 - Blocked Shots : 6 - Penalty Minutes : 29
Bruins - Hits : 23 - Faceoff Wins : 23 - Blocked Shots : 6 - Penalty Minutes : 16

Official

Referees : Unknown
Linesman : Unknown

Game Notes

Magnus Nygren and Derek Grant fight to a draw at 19:28 of 1st period
Raman Hrabarenka and B.J. Crombeen fight to a draw at 9:49 of 2nd period
Ryan Carter ejected from game at 17:09 of 2nd period
Ryan Carter from Ice Caps is suspended for 4 game(s)

Finance

Level 1 -- Attendance: 1482 (74.10%) -- Ticket Income $51,870
Level 2 -- Attendance: 798 (79.80%) -- Ticket Income $11,970
Total Attendance: 2280 (76.00%)
Total Ticket Income: $63,840
Other Income: $31,282
Total Income: $95,122

Ice Caps

5 vs 5 Forward 
   Center                   Left Wing                Right Wing               Time % Phy DF OF 
 1 Ryan Carter              Patrick Dwyer            Shawn Thornton           35     1   2  2  
 2 Trevor Smith             Paul Carey               B.J. Crombeen            30     1   2  2  
 3 Derek Grant              Chris Conner             Brandon Yip              22     1   2  2  
 4 Kyle MacKinnon           Tim Kennedy              Drew LeBlanc             13     1   2  2  

5 vs 5 Defense 
   Defense                  Defense                                           Time % Phy DF OF 
 1 Alex Biega               Bobby Sanguinetti                                 35     1   2  2  
 2 Andrew Bodnarchuk        Nick D'Agostino                                   30     1   2  2  
 3 Nathan Oystrick          Barry Goers                                       22     1   2  2  
 4 Alex Biega               Bobby Sanguinetti                                 13     1   2  2  

PowerPlay Forward 
   Center                   Left Wing                Right Wing               Time % Phy DF OF 
 1 Ryan Carter              Patrick Dwyer            Shawn Thornton           60     1   2  2  
 2 Trevor Smith             Paul Carey               B.J. Crombeen            40     1   2  2  

PowerPlay Defense
   Defense                  Defense                                           Time % Phy DF OF 
 1 Alex Biega               Bobby Sanguinetti                                 60     1   2  2  
 2 Andrew Bodnarchuk        Nick D'Agostino                                   40     1   2  2  

Penalty Kill 4 Players Forward 
   Center                   Wing                     Time % Phy DF OF 
 1 Ryan Carter              Patrick Dwyer            60     1   2  2  
 2 Trevor Smith             Shawn Thornton           40     1   2  2  

Penalty Kill 4 Players Defense
   Defense                  Defense                  Time % Phy DF OF 
 1 Alex Biega               Bobby Sanguinetti        60     1   2  2  
 2 Andrew Bodnarchuk        Nick D'Agostino          40     1   2  2  

Penalty Kill - 3 Players Forward 
   Forward                                           Time % Phy DF OF 
 1 Ryan Carter                                       60     1   2  2  
 2 Patrick Dwyer                                     40     1   2  2  

Penalty Kill - 3 Players Defense
   Defense                  Defense                  Time % Phy DF OF 
 1 Alex Biega               Bobby Sanguinetti        60     1   2  2  
 2 Andrew Bodnarchuk        Nick D'Agostino          40     1   2  2  

4 vs 4 Forward 
   Center                   Wing                     Time % Phy DF OF 
 1 Ryan Carter              Patrick Dwyer            60     1   2  2  
 2 Trevor Smith             Shawn Thornton           40     1   2  2  

4 vs 4 Defense
   Defense                  Defense                  Time % Phy DF OF 
 1 Alex Biega               Bobby Sanguinetti        60     1   2  2  
 2 Andrew Bodnarchuk        Nick D'Agostino          40     1   2  2  

Last Minutes Offensive
   Center                   Left Wing                Right Wing               Defense                  Defense                  
   Ryan Carter              Patrick Dwyer            Shawn Thornton           Alex Biega               Bobby Sanguinetti        

Last Minutes Defensive
   Center                   Left Wing                Right Wing               Defense                  Defense                  
   Ryan Carter              Patrick Dwyer            Shawn Thornton           Alex Biega               Bobby Sanguinetti        

Goaltenders
Starting : Jeff Zatkoff             
Backup : Jussi Rynnas             

Extra Forwards
Normal : Kyle MacKinnon, Chris Conner, Derek Grant - PP : Kyle MacKinnon, Chris Conner - PK : Derek Grant
Extra Defensemen
Normal : Nathan Oystrick, Barry Goers, Andrew Bodnarchuk - PP : Nathan Oystrick - PK : Barry Goers, Andrew Bodnarchuk
Penalty Shots
Ryan Carter, Patrick Dwyer, Trevor Smith, Shawn Thornton, Paul Carey

Bruins

5 vs 5 Forward 
   Center                   Left Wing                Right Wing               Time % Phy DF OF 
 1 Marko Dano               Dennis Everberg          Kevin Porter             35     1   2  2  
 2 Kael Mouillierat         Cole Schneider           Borna Rendulic           30     1   2  2  
 3 Andrew Agozzino          Marc Hagel               Buddy Robinson           22     1   2  2  
 4 Dennis Rasmussen         Dennis Everberg          Buddy Robinson           13     1   2  2  

5 vs 5 Defense 
   Defense                  Defense                                           Time % Phy DF OF 
 1 Raman Hrabarenka         Conor Allen                                       35     1   2  2  
 2 Magnus Nygren            Jordan Oesterle                                   30     1   2  2  
 3 Johan Alm                Beau Schmitz                                      22     1   2  2  
 4 Raman Hrabarenka         Conor Allen                                       13     1   2  2  

PowerPlay Forward 
   Center                   Left Wing                Right Wing               Time % Phy DF OF 
 1 Buddy Robinson           Dennis Everberg          Kevin Porter             60     1   2  2  
 2 Kael Mouillierat         Cole Schneider           Borna Rendulic           40     1   2  2  

PowerPlay Defense
   Defense                  Defense                                           Time % Phy DF OF 
 1 Raman Hrabarenka         Conor Allen                                       60     1   2  2  
 2 Magnus Nygren            Jordan Oesterle                                   40     1   2  2  

Penalty Kill 4 Players Forward 
   Center                   Wing                     Time % Phy DF OF 
 1 Marko Dano               Dennis Everberg          60     1   2  2  
 2 Kevin Porter             Cole Schneider           40     1   2  2  

Penalty Kill 4 Players Defense
   Defense                  Defense                  Time % Phy DF OF 
 1 Raman Hrabarenka         Conor Allen              60     1   2  2  
 2 Magnus Nygren            Jordan Oesterle          40     1   2  2  

Penalty Kill - 3 Players Forward 
   Forward                                           Time % Phy DF OF 
 1 Kevin Porter                                      60     1   2  2  
 2 Dennis Everberg                                   40     1   2  2  

Penalty Kill - 3 Players Defense
   Defense                  Defense                  Time % Phy DF OF 
 1 Raman Hrabarenka         Conor Allen              60     1   2  2  
 2 Magnus Nygren            Jordan Oesterle          40     1   2  2  

4 vs 4 Forward 
   Center                   Wing                     Time % Phy DF OF 
 1 Buddy Robinson           Dennis Everberg          60     1   2  2  
 2 Kevin Porter             Cole Schneider           40     1   2  2  

4 vs 4 Defense
   Defense                  Defense                  Time % Phy DF OF 
 1 Raman Hrabarenka         Conor Allen              60     1   2  2  
 2 Magnus Nygren            Jordan Oesterle          40     1   2  2  

Last Minutes Offensive
   Center                   Left Wing                Right Wing               Defense                  Defense                  
   Marko Dano               Dennis Everberg          Kevin Porter             Raman Hrabarenka         Conor Allen              

Last Minutes Defensive
   Center                   Left Wing                Right Wing               Defense                  Defense                  
   Marko Dano               Dennis Everberg          Kevin Porter             Raman Hrabarenka         Conor Allen              

Goaltenders
Starting : Philipp Grubauer         
Backup : Connor Hellebuyck        

Extra Forwards
Normal : Buddy Robinson, Andrew Agozzino, Marc Hagel - PP : Buddy Robinson, Andrew Agozzino - PK : Marc Hagel
Extra Defensemen
Normal : Johan Alm, Beau Schmitz, Magnus Nygren - PP : Johan Alm - PK : Beau Schmitz, Magnus Nygren
Penalty Shots
Andrew Agozzino, Dennis Everberg, Kevin Porter, Cole Schneider, Borna Rendulic

% Time on Ice - Ice Caps

Lines # - Real PCT - Wanted PCT - Time Play
Normal Forward
1 - 30% - 35% - 13:42
2 - 26% - 30% - 11:55
3 - 24% - 22% - 11:03
4 - 20% - 13% - 8:54
Normal Defense
1 - 27% - 35% - 12:28
2 - 36% - 30% - 16:33
3 - 32% - 22% - 14:34
4 - 4% - 13% - 1:59
PP Forward
1 - 53% - 60% - 3:10
2 - 47% - 40% - 2:47
PP Defense
1 - 60% - 60% - 3:34
2 - 40% - 40% - 2:23
PK Forward
1 - 100% - 60% - 7:37
2 - 0% - 40% - 0:00
PK Defense
1 - 75% - 60% - 5:44
2 - 25% - 40% - 1:53
PK3 Forward
1 - 0% - 60%
2 - 0% - 40%
PK3 Defense
1 - 0% - 60%
2 - 0% - 40%
44 Forward
1 - 0% - 60%
2 - 0% - 40%
44 Defense
1 - 0% - 60%
2 - 0% - 40%
Last Minute Offensive  - 0:52
Last Minute Defensive  - 0:00
Total
Forward - 60:00
Defense - 60:00

% Time on Ice - Bruins

Lines # - Real PCT - Wanted PCT - Time Play
Normal Forward
1 - 28% - 35% - 12:46
2 - 33% - 30% - 15:12
3 - 30% - 22% - 13:31
4 - 9% - 13% - 3:59
Normal Defense
1 - 31% - 35% - 14:08
2 - 36% - 30% - 16:21
3 - 28% - 22% - 12:33
4 - 5% - 13% - 2:26
PP Forward
1 - 52% - 60% - 3:56
2 - 48% - 40% - 3:41
PP Defense
1 - 60% - 60% - 4:33
2 - 40% - 40% - 3:04
PK Forward
1 - 81% - 60% - 4:49
2 - 19% - 40% - 1:08
PK Defense
1 - 66% - 60% - 3:56
2 - 34% - 40% - 2:01
PK3 Forward
1 - 0% - 60%
2 - 0% - 40%
PK3 Defense
1 - 0% - 60%
2 - 0% - 40%
44 Forward
1 - 0% - 60%
2 - 0% - 40%
44 Defense
1 - 0% - 60%
2 - 0% - 40%
Last Minute Offensive  - 0:00
Last Minute Defensive  - 0:58
Total
Forward - 60:00
Defense - 60:00

Play by Play

1st period


0:01 of 1st period - Ryan Carter wins face-off versus Marko Dano in neutral zone.
0:56 of 1st period - Kael Mouillierat is hit by B.J. Crombeen and loses puck.
1:05 of 1st period - Slapshot by Trevor Smith.
1:05 of 1st period - Shot Misses the Net.
1:11 of 1st period - Trevor Smith is hit by Borna Rendulic and loses puck.
2:25 of 1st period - Barry Goers is hit by Kevin Porter and loses puck.
2:45 of 1st period - Johan Alm is hit by Drew LeBlanc and loses puck.
4:04 of 1st period - Snap shot by Marko Dano.
4:04 of 1st period - Shot Blocked by Bobby Sanguinetti.
4:22 of 1st period - Nick D'Agostino is hit by Marc Hagel and loses puck.
4:29 of 1st period - Slapshot by Buddy Robinson.
4:29 of 1st period - Stopped by Jeff Zatkoff without a rebound.
4:30 of 1st period - Trevor Smith wins face-off versus Andrew Agozzino in Ice Caps zone.
4:39 of 1st period - Snap shot by Paul Carey.
4:39 of 1st period - Shot Misses the Net.
5:04 of 1st period - Slapshot by Borna Rendulic.
5:04 of 1st period - Shot Misses the Net.
5:24 of 1st period - Raman Hrabarenka is hit by Andrew Bodnarchuk.
5:55 of 1st period - Snap shot by Tim Kennedy.
5:55 of 1st period - Shot Hit the Post.
7:17 of 1st period - Slapshot by Paul Carey.
7:17 of 1st period - Stopped by Philipp Grubauer with a rebound.
7:19 of 1st period - Wrist shot by Trevor Smith.
7:19 of 1st period - Stopped by Philipp Grubauer without a rebound.
7:20 of 1st period - Kael Mouillierat wins face-off versus Ryan Carter in Bruins zone.
7:41 of 1st period - Magnus Nygren is hit by Ryan Carter and loses puck.
7:54 of 1st period - Beau Schmitz is hit by Drew LeBlanc.
11:03 of 1st period - Marc Hagel is hit by B.J. Crombeen and loses puck.
11:23 of 1st period - Icing by Nick D'Agostino.
11:24 of 1st period - Trevor Smith wins face-off versus Kael Mouillierat in Ice Caps zone.
12:05 of 1st period - Wrist shot by Tim Kennedy.
12:05 of 1st period - Deflect By Drew LeBlanc.
12:05 of 1st period - Shot Blocked by Raman Hrabarenka.
12:05 of 1st period - Puck is out of play.
12:06 of 1st period - Andrew Agozzino wins face-off versus Kyle MacKinnon in Bruins zone.
12:08 of 1st period - Minor Penalty to Jordan Oesterle for Hooking.
12:09 of 1st period - Ryan Carter wins face-off versus Marko Dano in Bruins zone.
12:13 of 1st period - Wrist shot by Shawn Thornton.
12:13 of 1st period - Shot Misses the Net.
13:32 of 1st period - Patrick Dwyer is hit by Kevin Porter.
13:37 of 1st period - Off-side.
13:38 of 1st period - Marc Hagel wins face-off versus Ryan Carter in neutral zone.
13:44 of 1st period - Icing by Nick D'Agostino.
13:45 of 1st period - Ryan Carter wins face-off versus Marko Dano in Ice Caps zone.
13:55 of 1st period - Off-side.
13:56 of 1st period - Trevor Smith wins face-off versus Marko Dano in neutral zone.
14:08 of 1st period - Penalty to Jordan Oesterle is over, Jordan Oesterle is back on ice.
14:29 of 1st period - Conor Allen is hit by Alex Biega.
14:57 of 1st period - Chris Conner is hit by Borna Rendulic and loses puck.
15:36 of 1st period - Wrist shot by Kyle MacKinnon.
15:36 of 1st period - Stopped by Philipp Grubauer without a rebound.
15:37 of 1st period - Kyle MacKinnon wins face-off versus Kael Mouillierat in Bruins zone.
15:42 of 1st period - Borna Rendulic is hit by Kyle MacKinnon and loses puck.
16:28 of 1st period - Andrew Agozzino is hit by Nick D'Agostino.
16:53 of 1st period - Minor Penalty to Buddy Robinson for Tripping.
16:54 of 1st period - Trevor Smith wins face-off versus Marko Dano in Bruins zone.
17:07 of 1st period - Conor Allen is hit by Bobby Sanguinetti and loses puck.
17:23 of 1st period - Slapshot by Alex Biega.
17:23 of 1st period - Shot Blocked by Raman Hrabarenka.
17:29 of 1st period - Snap shot by B.J. Crombeen.
17:29 of 1st period - Stopped by Philipp Grubauer without a rebound.
17:30 of 1st period - Kevin Porter wins face-off versus Ryan Carter in Bruins zone.
18:01 of 1st period - Wrist shot by Ryan Carter.
18:01 of 1st period - Shot Misses the Net.
18:03 of 1st period - Wrist shot by Ryan Carter.
18:03 of 1st period - Deflect By Shawn Thornton.
18:03 of 1st period - Shot Misses the Net.
18:03 of 1st period - Puck is out of play.
18:04 of 1st period - Trevor Smith wins face-off versus Kevin Porter in Bruins zone.
18:53 of 1st period - Penalty to Buddy Robinson is over, Buddy Robinson is back on ice.
19:27 of 1st period - Wrist shot by Kael Mouillierat.
19:27 of 1st period - Stopped by Jeff Zatkoff without a rebound.
19:28 of 1st period - Borna Rendulic wins face-off versus Derek Grant in Ice Caps zone.
19:28 of 1st period - Magnus Nygren and Derek Grant fight to a draw.
19:28 of 1st period - Penalty to Magnus Nygren for Fighting.
19:28 of 1st period - Penalty to Derek Grant for Fighting.
19:29 of 1st period - Kael Mouillierat wins face-off versus Ryan Carter in Ice Caps zone.
19:50 of 1st period - Off-side.
19:51 of 1st period - Trevor Smith wins face-off versus Andrew Agozzino in neutral zone.
Goals for this period are 0 for Ice Caps vs 0 for Bruins.
Shots for this period are 4 for Ice Caps vs 2 for Bruins.

2nd period


0:01 of 2nd period - Marko Dano wins face-off versus Ryan Carter in neutral zone.
0:04 of 2nd period - Slapshot by Dennis Everberg.
0:04 of 2nd period - Stopped by Jeff Zatkoff without a rebound.
0:05 of 2nd period - Marko Dano wins face-off versus Ryan Carter in Ice Caps zone.
0:16 of 2nd period - Snap shot by Dennis Everberg.
0:16 of 2nd period - Stopped by Jeff Zatkoff with a rebound.
0:18 of 2nd period - Snap shot by Dennis Everberg.
0:18 of 2nd period - Stopped by Jeff Zatkoff with a rebound.
0:59 of 2nd period - Patrick Dwyer is hit by Borna Rendulic and loses puck.
1:45 of 2nd period - Snap shot by Paul Carey.
1:45 of 2nd period - Stopped by Philipp Grubauer with a rebound.
2:23 of 2nd period - Off-side.
2:24 of 2nd period - Marko Dano wins face-off versus Kyle MacKinnon in neutral zone.
2:27 of 2nd period - Wrist shot by Dennis Everberg.
2:27 of 2nd period - Stopped by Jeff Zatkoff with a rebound.
2:44 of 2nd period - Snap shot by Kyle MacKinnon.
2:44 of 2nd period - Shot Misses the Net.
2:46 of 2nd period - Snap shot by Kyle MacKinnon.
2:46 of 2nd period - Deflect By Tim Kennedy.
2:46 of 2nd period - Stopped by Philipp Grubauer with a rebound.
3:04 of 2nd period - Dennis Everberg is hit by Bobby Sanguinetti and loses puck.
3:11 of 2nd period - Slapshot by Brandon Yip.
3:11 of 2nd period - Shot Blocked by Johan Alm.
3:13 of 2nd period - Slapshot by Nick D'Agostino.
3:13 of 2nd period - Shot Blocked by Marko Dano.
3:29 of 2nd period - Wrist shot by B.J. Crombeen.
3:29 of 2nd period - Shot Misses the Net.
3:39 of 2nd period - Snap shot by Paul Carey.
3:39 of 2nd period - Shot Misses the Net.
3:41 of 2nd period - Snap shot by Trevor Smith.
3:41 of 2nd period - Shot Misses the Net.
3:45 of 2nd period - Snap shot by B.J. Crombeen.
3:45 of 2nd period - Stopped by Philipp Grubauer with a rebound.
4:27 of 2nd period - Chris Conner is hit by Conor Allen and loses puck.
4:41 of 2nd period - Minor Penalty to Nathan Oystrick for High sticking.
4:42 of 2nd period - Kael Mouillierat wins face-off versus Ryan Carter in Ice Caps zone.
4:52 of 2nd period - Wrist shot by Borna Rendulic.
4:52 of 2nd period - Shot Misses the Net.
5:20 of 2nd period - Wrist shot by Kael Mouillierat.
5:20 of 2nd period - Deflect By Borna Rendulic.
5:20 of 2nd period - Goal by Borna Rendulic - Ice Caps : 0 - Bruins : 1.
5:21 of 2nd period - Andrew Agozzino wins face-off versus Trevor Smith in neutral zone.
5:32 of 2nd period - Wrist shot by Andrew Agozzino.
5:32 of 2nd period - Stopped by Jeff Zatkoff with a rebound.
5:34 of 2nd period - Snap shot by Johan Alm.
5:34 of 2nd period - Shot Blocked by Nick D'Agostino.
5:36 of 2nd period - Wrist shot by Buddy Robinson.
5:36 of 2nd period - Stopped by Jeff Zatkoff with a rebound.
5:38 of 2nd period - Snap shot by Johan Alm.
5:38 of 2nd period - Stopped by Jeff Zatkoff without a rebound.
5:39 of 2nd period - Paul Carey wins face-off versus Andrew Agozzino in Ice Caps zone.
6:03 of 2nd period - B.J. Crombeen is hit by Johan Alm and loses puck.
6:56 of 2nd period - Slapshot by Derek Grant.
6:56 of 2nd period - Stopped by Philipp Grubauer without a rebound.
6:57 of 2nd period - Marko Dano wins face-off versus Ryan Carter in Bruins zone.
8:00 of 2nd period - Snap shot by Borna Rendulic.
8:00 of 2nd period - Shot Misses the Net.
8:06 of 2nd period - Snap shot by Kael Mouillierat.
8:06 of 2nd period - Stopped by Jeff Zatkoff with a rebound.
9:04 of 2nd period - Dennis Everberg is hit by Brandon Yip and loses puck.
9:49 of 2nd period - Raman Hrabarenka and B.J. Crombeen fight to a draw.
9:49 of 2nd period - Penalty to Raman Hrabarenka for Fighting.
9:49 of 2nd period - Penalty to B.J. Crombeen for Fighting.
9:50 of 2nd period - Andrew Agozzino wins face-off versus Ryan Carter in Ice Caps zone.
10:37 of 2nd period - Icing by Bobby Sanguinetti.
10:38 of 2nd period - Marko Dano wins face-off versus Kyle MacKinnon in Ice Caps zone.
10:41 of 2nd period - Wrist shot by Kevin Porter.
10:41 of 2nd period - Shot Blocked by Bobby Sanguinetti.
10:43 of 2nd period - Wrist shot by Dennis Everberg.
10:43 of 2nd period - Stopped by Jeff Zatkoff with a rebound.
10:45 of 2nd period - Snap shot by Dennis Everberg.
10:45 of 2nd period - Stopped by Jeff Zatkoff without a rebound.
10:46 of 2nd period - Kael Mouillierat wins face-off versus Trevor Smith in Ice Caps zone.
10:59 of 2nd period - Snap shot by Kael Mouillierat.
10:59 of 2nd period - Shot Misses the Net.
11:40 of 2nd period - Dennis Everberg is hit by Nick D'Agostino and loses puck.
12:30 of 2nd period - Icing by Jordan Oesterle.
12:31 of 2nd period - Andrew Agozzino wins face-off versus Drew LeBlanc in Bruins zone.
12:40 of 2nd period - Alex Biega is hit by Andrew Agozzino and loses puck.
12:45 of 2nd period - Snap shot by Andrew Agozzino.
12:45 of 2nd period - Shot Blocked by Alex Biega.
12:56 of 2nd period - Minor Penalty to Kael Mouillierat for Interference.
12:57 of 2nd period - Ryan Carter wins face-off versus Marko Dano in Bruins zone.
12:58 of 2nd period - Wrist shot by Shawn Thornton.
12:58 of 2nd period - Stopped by Philipp Grubauer without a rebound.
12:59 of 2nd period - Ryan Carter wins face-off versus Marko Dano in Bruins zone.
13:16 of 2nd period - Conor Allen is hit by Bobby Sanguinetti and loses puck.
13:23 of 2nd period - Snap shot by Shawn Thornton.
13:23 of 2nd period - Stopped by Philipp Grubauer without a rebound.
13:24 of 2nd period - Trevor Smith wins face-off versus Marko Dano in Bruins zone.
13:49 of 2nd period - Conor Allen is hit by Kyle MacKinnon and loses puck.
13:58 of 2nd period - Wrist shot by Paul Carey.
13:58 of 2nd period - Shot Blocked by Conor Allen.
14:15 of 2nd period - Slapshot by Ryan Carter.
14:15 of 2nd period - Deflect By Patrick Dwyer.
14:15 of 2nd period - Shot Misses the Net.
14:15 of 2nd period - Puck is out of play.
14:16 of 2nd period - Kevin Porter wins face-off versus Ryan Carter in Bruins zone.
14:37 of 2nd period - Snap shot by Ryan Carter.
14:37 of 2nd period - Deflect By Patrick Dwyer.
14:37 of 2nd period - Stopped by Philipp Grubauer with a rebound.
14:43 of 2nd period - Snap shot by Shawn Thornton.
14:43 of 2nd period - Stopped by Philipp Grubauer without a rebound.
14:44 of 2nd period - Trevor Smith wins face-off versus Kevin Porter in Bruins zone.
14:49 of 2nd period - Penalty to Raman Hrabarenka is over, Raman Hrabarenka is back on ice.
15:17 of 2nd period - Alex Biega is hit by Beau Schmitz and loses puck.
15:40 of 2nd period - Wrist shot by Derek Grant.
15:40 of 2nd period - Shot Misses the Net.
15:42 of 2nd period - Snap shot by Derek Grant.
15:42 of 2nd period - Stopped by Philipp Grubauer with a rebound.
15:44 of 2nd period - Snap shot by Barry Goers.
15:44 of 2nd period - Deflect By Chris Conner.
15:44 of 2nd period - Stopped by Philipp Grubauer without a rebound.
15:45 of 2nd period - Ryan Carter wins face-off versus Andrew Agozzino in Bruins zone.
15:54 of 2nd period - Snap shot by Andrew Agozzino.
15:54 of 2nd period - Stopped by Jeff Zatkoff with a rebound.
15:56 of 2nd period - Slapshot by Jordan Oesterle.
15:56 of 2nd period - Shot Blocked by Andrew Bodnarchuk.
15:58 of 2nd period - Wrist shot by Andrew Agozzino.
15:58 of 2nd period - Stopped by Jeff Zatkoff with a rebound.
16:04 of 2nd period - Snap shot by Andrew Agozzino.
16:04 of 2nd period - Stopped by Jeff Zatkoff without a rebound.
16:05 of 2nd period - Andrew Agozzino wins face-off versus Ryan Carter in Ice Caps zone.
17:09 of 2nd period - Major / Game Misconduct Penalty to Ryan Carter for Abuse of Officials.
17:09 of 2nd period - Ryan Carter is ejected from game.
17:10 of 2nd period - Buddy Robinson wins face-off versus Derek Grant in Ice Caps zone.
17:27 of 2nd period - Snap shot by Kevin Porter.
17:27 of 2nd period - Stopped by Jeff Zatkoff with a rebound.
18:05 of 2nd period - Derek Grant is hit by Borna Rendulic.
18:54 of 2nd period - Kyle MacKinnon is hit by Borna Rendulic.
19:14 of 2nd period - Wrist shot by Buddy Robinson.
19:14 of 2nd period - Stopped by Jeff Zatkoff without a rebound.
19:15 of 2nd period - Kyle MacKinnon wins face-off versus Buddy Robinson in Ice Caps zone.
Goals for this period are 0 for Ice Caps vs 1 for Bruins.
Shots for this period are 10 for Ice Caps vs 16 for Bruins.

3rd period


0:01 of 3rd period - Derek Grant wins face-off versus Buddy Robinson in neutral zone.
0:04 of 3rd period - Snap shot by Patrick Dwyer.
0:04 of 3rd period - Stopped by Philipp Grubauer with a rebound.
0:55 of 3rd period - Derek Grant is hit by Conor Allen and loses puck.
1:14 of 3rd period - Snap shot by Borna Rendulic.
1:14 of 3rd period - Stopped by Jeff Zatkoff with a rebound.
1:16 of 3rd period - Snap shot by Cole Schneider.
1:16 of 3rd period - Stopped by Jeff Zatkoff with a rebound.
1:36 of 3rd period - Buddy Robinson is hit by Alex Biega and loses puck.
1:57 of 3rd period - B.J. Crombeen is hit by Raman Hrabarenka and loses puck.
2:09 of 3rd period - Penalty to Ryan Carter is over, Patrick Dwyer is send on ice.
2:58 of 3rd period - Trevor Smith is hit by Johan Alm and loses puck.
3:58 of 3rd period - Nathan Oystrick is hit by Dennis Everberg and loses puck.
4:07 of 3rd period - Snap shot by Kevin Porter.
4:07 of 3rd period - Stopped by Jeff Zatkoff with a rebound.
4:09 of 3rd period - Snap shot by Dennis Everberg.
4:09 of 3rd period - Shot Misses the Net.
4:51 of 3rd period - Slapshot by Andrew Agozzino.
4:51 of 3rd period - Stopped by Jeff Zatkoff with a rebound.
4:53 of 3rd period - Slapshot by Raman Hrabarenka.
4:53 of 3rd period - Shot Misses the Net.
4:55 of 3rd period - Wrist shot by Andrew Agozzino.
4:55 of 3rd period - Shot Hit the Post.
5:29 of 3rd period - Wrist shot by Paul Carey.
5:29 of 3rd period - Stopped by Philipp Grubauer with a rebound.
6:09 of 3rd period - Wrist shot by Trevor Smith.
6:09 of 3rd period - Stopped by Philipp Grubauer without a rebound.
6:10 of 3rd period - Trevor Smith wins face-off versus Kael Mouillierat in Bruins zone.
6:11 of 3rd period - Snap shot by Paul Carey.
6:11 of 3rd period - Stopped by Philipp Grubauer with a rebound.
6:39 of 3rd period - Chris Conner is hit by Buddy Robinson and loses puck.
8:04 of 3rd period - Slapshot by Paul Carey.
8:04 of 3rd period - Stopped by Philipp Grubauer without a rebound.
8:05 of 3rd period - Andrew Agozzino wins face-off versus Trevor Smith in Bruins zone.
8:15 of 3rd period - Icing by Trevor Smith.
8:16 of 3rd period - Trevor Smith wins face-off versus Andrew Agozzino in Ice Caps zone.
8:35 of 3rd period - Wrist shot by Tim Kennedy.
8:35 of 3rd period - Shot Misses the Net.
9:17 of 3rd period - Snap shot by Buddy Robinson.
9:17 of 3rd period - Shot Misses the Net.
9:19 of 3rd period - Wrist shot by Johan Alm.
9:19 of 3rd period - Stopped by Jeff Zatkoff with a rebound.
9:45 of 3rd period - Snap shot by Marko Dano.
9:45 of 3rd period - Stopped by Jeff Zatkoff with a rebound.
10:07 of 3rd period - B.J. Crombeen is hit by Beau Schmitz and loses puck.
10:33 of 3rd period - Marko Dano is hit by Bobby Sanguinetti and loses puck.
10:52 of 3rd period - Slapshot by Raman Hrabarenka.
10:52 of 3rd period - Deflect By Andrew Agozzino.
10:52 of 3rd period - Stopped by Jeff Zatkoff with a rebound.
11:45 of 3rd period - Backhand shot by Marc Hagel.
11:45 of 3rd period - Stopped by Jeff Zatkoff with a rebound.
11:47 of 3rd period - Slapshot by Andrew Agozzino.
11:47 of 3rd period - Shot Blocked by Chris Conner.
11:49 of 3rd period - Snap shot by Magnus Nygren.
11:49 of 3rd period - Stopped by Jeff Zatkoff with a rebound.
11:59 of 3rd period - Nathan Oystrick is hit by Kael Mouillierat.
12:21 of 3rd period - Brandon Yip is hit by Magnus Nygren and loses puck.
12:26 of 3rd period - Slapshot by Magnus Nygren.
12:26 of 3rd period - Stopped by Jeff Zatkoff without a rebound.
12:27 of 3rd period - Trevor Smith wins face-off versus Dennis Rasmussen in Ice Caps zone.
12:42 of 3rd period - Minor Penalty to Andrew Bodnarchuk for Elbowing.
12:43 of 3rd period - Kael Mouillierat wins face-off versus Kyle MacKinnon in Ice Caps zone.
12:44 of 3rd period - Snap shot by Borna Rendulic.
12:44 of 3rd period - Shot Misses the Net.
13:00 of 3rd period - Wrist shot by Kael Mouillierat.
13:00 of 3rd period - Shot Misses the Net.
14:25 of 3rd period - Jordan Oesterle is hit by B.J. Crombeen and loses puck.
14:42 of 3rd period - Penalty to Andrew Bodnarchuk is over, Andrew Bodnarchuk is back on ice.
15:07 of 3rd period - Snap shot by Derek Grant.
15:07 of 3rd period - Stopped by Philipp Grubauer with a rebound.
15:33 of 3rd period - Wrist shot by Paul Carey.
15:33 of 3rd period - Stopped by Philipp Grubauer with a rebound.
15:37 of 3rd period - Wrist shot by Paul Carey.
15:37 of 3rd period - Stopped by Philipp Grubauer with a rebound.
15:51 of 3rd period - Snap shot by Tim Kennedy.
15:51 of 3rd period - Stopped by Philipp Grubauer without a rebound.
15:52 of 3rd period - Kael Mouillierat wins face-off versus Drew LeBlanc in Bruins zone.
15:52 of 3rd period - Kael Mouillierat is hit by Bobby Sanguinetti.
16:16 of 3rd period - Conor Allen is hit by Drew LeBlanc and loses puck.
16:37 of 3rd period - Snap shot by Dennis Everberg.
16:37 of 3rd period - Stopped by Jeff Zatkoff without a rebound.
16:38 of 3rd period - Dennis Rasmussen wins face-off versus B.J. Crombeen in Ice Caps zone.
17:03 of 3rd period - Shawn Thornton is hit by Buddy Robinson and loses puck.
17:24 of 3rd period - Patrick Dwyer is hit by Buddy Robinson and loses puck.
17:49 of 3rd period - Snap shot by Kyle MacKinnon.
17:49 of 3rd period - Shot Blocked by Dennis Everberg.
17:51 of 3rd period - Slapshot by Nick D'Agostino.
17:51 of 3rd period - Shot Misses the Net.
18:24 of 3rd period - Trevor Smith is hit by Beau Schmitz.
18:58 of 3rd period - Snap shot by Kael Mouillierat.
18:58 of 3rd period - Shot Misses the Net.
19:16 of 3rd period - Snap shot by Raman Hrabarenka.
19:16 of 3rd period - Deflect By Patrick Dwyer.
19:16 of 3rd period - Stopped by Jeff Zatkoff with a rebound.
19:22 of 3rd period - Ice Caps, Jeff Zatkoff is pulled from the net.
Goals for this period are 0 for Ice Caps vs 0 for Bruins.
Shots for this period are 9 for Ice Caps vs 12 for Bruins.